 Dungeon Crawl Stone Soup version 0.28-a0-479-g5baa6b73be (webtiles) character file.

Game seed: 18397420589024296058

942 Shayle the Skirmisher (level 8, -4/87 HPs)
             Began as an Ogre Warper on Sept 18, 2021.
             Slain by a wyvern (6 damage)
             ... on level 5 of the Dungeon.
             The game lasted 00:15:45 (6261 turns).

Shayle the Skirmisher (Ogre Warper)                 Turns: 6261, Time: 00:15:46

Health: -4/87      AC:  5    Str: 15 (16) XL:     8   Next: 12%
Magic:  14/14      EV:  9    Int: 21 (22) God:
Gold:   179        SH:  0    Dex:  7 (8)  Spells: 9/16 levels left

rFire   . . .      SeeInvis .   a - +1 spear
rCold   . . .      Faith    .   (no shield)
rNeg    . . .      Spirit   .   b - +0 robe
rPois   .          Reflect  .   (helmet restricted)
rElec   .          Harm     .   h - +1 cloak
rCorr   +          Rampage  .   (gloves unavailable)
Will    .....                   (boots unavailable)
Stlth   +.........              (no amulet)
HPRegen 0.24/turn               p - +6 ring of intelligence
MPRegen 0.14/turn               t - ring of resist corrosion

@: brilliant
A: large, unfitting armour, tough skin 1
a: no special abilities


You were on level 5 of the Dungeon.
You visited 1 branch of the dungeon, and saw 5 of its levels.

You collected 179 gold pieces.

Inventory:

Hand Weapons
 a - a +1 spear (weapon)
 m - a +1 dagger of speed
Missiles
 i - 6 poisoned darts (quivered)
 j - a silver javelin
 k - 3 boomerangs
 o - a throwing net
Armour
 b - a +0 robe (worn)
 h - a +1 cloak (worn)
Jewellery
 p - a +6 ring of intelligence (left hand)
 t - a ring of resist corrosion (right hand)
Scrolls
 c - a scroll of blinking
 f - 3 scrolls of fear
Potions
 d - a potion of might
 e - a potion of haste
 r - a potion of heal wounds {unknown}


   Skills:
 + Level 7.4 Fighting
 + Level 5.5 Polearms
 - Level 1.0 Throwing
 - Level 2.1 Dodging
 + Level 4.6 Spellcasting
 - Level 2.6 Translocations
 + Level 3.0 Fire Magic


You had 9 spell levels left.
You knew the following spells:

 Your Spells              Type           Power      Damage    Failure   Level
a - Blink                 Tloc           N/A        N/A       5%          2
b - Teleport Other        Tloc           24%        N/A       11%         3
c - Scorch                Fire           52%        2d7       4%          2

Your spell library contained the following spells:

 Spells                   Type           Power      Damage    Failure   Level
 Gell's Gravitas          Tloc           12%        N/A       11%         3
 Lesser Beckoning         Tloc           24%        N/A       11%         3
 Flame Wave               Conj/Fire      16%        3d5       52%         4
 Manifold Assault         Tloc           24%        N/A       71%         5
 Leda's Liquefaction      Hex/Erth       3%         N/A       75%         4
 Lee's Rapid Deconstruct  Erth           3%         3d6*      97%         5
 Statue Form              Tmut/Erth      4%         N/A       100%        6
 Summon Cactus Giant      Summ           3%         N/A       100%        6


Dungeon Overview and Level Annotations

Branches:
Dungeon (5/15)
 Temple: D:4-7

Altars:
Vehumet

Shops:
D:4 (

Annotations:
D:5 3 runed translucent doors, siradein's ghost, novice GnFi


Innate Abilities, Weirdness & Mutations

You are too large for most types of armour.
You have tough skin. (AC +1)


Message History

Press: ? - help, Q - select action, (/) - cycle Shift-Dir - straight line, f/p - wyvern
Aim: a wyvern (moderately wounded, 57% to hit)
You throw a poisoned dart.
The poisoned dart barely misses the wyvern.
The wyvern bites you. x2
Throw: 7 darts (poison)
Press: ? - help, Q - select action, (/) - cycle Shift-Dir - straight line, f/p - wyvern
Aim: a wyvern (moderately wounded, 57% to hit)
You throw a poisoned dart. The poisoned dart hits the wyvern.
The wyvern is poisoned.
The wyvern is moderately wounded.
The wyvern bites you!
You hit the wyvern but do no damage.
The wyvern is moderately wounded.
The wyvern bites you! The wyvern bites you.
You hit the wyvern but do no damage.
The wyvern is moderately wounded.
The wyvern barely misses you.
You barely miss the wyvern.
The wyvern is moderately wounded.
The wyvern bites you.
You closely miss the wyvern.
The wyvern is moderately wounded.
The wyvern bites you!
You hit the wyvern.
The wyvern is moderately wounded.
The wyvern bites you! The wyvern bites you.
It was a potion of brilliance.
You feel clever all of a sudden. The wyvern bites you!
* * * LOW HITPOINT WARNING * * *
It was a potion of magic.
Magic courses through your body. The wyvern bites you!
* * * LOW HITPOINT WARNING * * *
The wyvern barely misses you.
It was a potion of degeneration.
There was something very wrong with that liquid.
You feel weakened.
You feel dopey.
You feel clumsy.
The wyvern looks more healthy.
The wyvern bites you.
You die...

.......#########.# #.
.......# #.. ..# #.
.......# ###### #.# #.
###...## ###...# #.# ##
#...... .....# #.# #
#..#### #... #.# # #..#
#.####.## # #..#
#..#####.†.....## #
...#
#....l@.?.......#######
##.#########...........
##...####### ##.## ###


You could see a wyvern.

Vanquished Creatures
  Grinder (D:4)
  A water moccasin (D:5)
  A black bear (D:5)
  A necrophage (D:5)
  An ice beast (D:5)
  A jelly (D:5)
  2 hounds
  2 orc priests
  An orc wizard (D:3)
  3 gnolls
  8 adders
  2 worms (D:5)
  7 dart slugs
  3 orcs
  4 ball pythons
  8 endoplasms
  3 giant cockroaches (D:1)
  4 goblins
  12 hobgoblins
  4 jackals
  3 quokkas
  4 bats
  2 frilled lizards
  6 kobolds
  6 rats
90 creatures vanquished.

Notes
Turn   | Place    | Note
-------+----------+-------------------------------------------
     0 | D:1      | Shayle the Ogre Warper began the quest for the Orb.
     0 | D:1      | Reached XP level 1. HP: 22/22 MP: 3/3
    82 | D:1      | Reached skill level 3 in Fighting
   166 | D:1      | Reached XP level 2. HP: 31/31 MP: 5/5
   603 | D:1      | Reached XP level 3. HP: 30/39 MP: 6/6
   606 | D:1      | Learned a level 2 spell: Blink
  1003 | D:1      | Reached skill level 4 in Fighting
  1299 | D:1      | Learned a level 3 spell: Teleport Other
  1569 | D:2      | Reached XP level 4. HP: 44/49 MP: 7/7
  2320 | D:2      | Reached skill level 5 in Fighting
  2320 | D:2      | Reached XP level 5. HP: 19/57 MP: 8/8
  3272 | D:3      | Learned a level 2 spell: Scorch
  3340 | D:3      | Found a faded altar of an unknown god.
  3419 | D:4      | Noticed Grinder
  4241 | D:4      | Reached XP level 6. HP: 67/67 MP: 8/10
  4272 | D:4      | Paralysed by Grinder for 3 turns
  4296 | D:4      | Killed Grinder
  4297 | D:4      | Reached skill level 6 in Fighting
  4297 | D:4      | Reached skill level 1 in Fire Magic
  4297 | D:4      | Reached XP level 7. HP: 39/76 MP: 10/12
  4649 | D:4      | Found Kof Meann's Firing Range.
  4919 | D:4      | Found a radiant altar of Vehumet.
  5029 | D:5      | Entered Level 5 of the Dungeon
  5589 | D:5      | Reached skill level 5 in Polearms
  5762 | D:5      | Reached skill level 7 in Fighting
  5983 | D:5      | Found a runed translucent gate.
  5983 | D:5      | Found a runed translucent gate.
  5984 | D:5      | Noticed siradein's ghost (novice GnFi)
  5985 | D:5      | Found a runed translucent gate.
  5985 | D:5      | Noticed a troll
  6029 | D:5      | Reached XP level 8. HP: 57/87 MP: 11/14
  6247 | D:5      | Noticed a wyvern
  6260 | D:5      | HP: 2/87 [wyvern (16)]
  6261 | D:5      | Slain by a wyvern

Illustrated notes

Levels and vault maps discovered:
D:1:      dpeg_arrival_pond, layout_loops_ring
D:2:      layout_rooms, amcnicky_mini_corridor_feature, chequers_arboretum,
          grunt_decor_one_mirror
D:3:      layout_basic, serial_co_window_serial, co_window_paths_b,
          co_window_of_opportunity_a, co_window_paths_a, co_window_paths_a,
          co_window_paths_a, co_window_of_opportunity_b, co_window_cross_4,
          co_window_unsneaky_path_a, co_window_sun, glass_columns_c,
          glass_columns_a, glass_columns_a, glass_columns_a,
          shapermc_ecumenical_altar_acropolis, minmay_misc_feat_diagonals
D:4:      layout_cave_pools, vehumet_altar_wand_db, minmay_hedge_maze,
          nicolae_shop_firing_range, uniq_grinder
D:5:      layout_loops_ring, gammafunk_ghost_split

Skill      XL: |  1  2  3  4  5  6  7  8 |
---------------+-------------------------+-----
Fighting       | 3 4 5 6 7 |  7.4
Polearms       | 3 4 5 |  5.5
Spellcasting   | 3 4 |  4.6
Fire Magic     | 1 2 3 |  3.0
Throwing       | |  1.0
Dodging        | |  2.1
Translocations | |  2.6

Action                   |  1- 3 |  4- 6 |  7- 9 || total
-------------------------+-------+-------+-------++-------
Melee: Spear             |   142 |   167 |   130 ||   439
Throw: Boomerang         |     1 |    16 |     1 ||    18
       Dart              |       |       |    14 ||    14
 Cast: Blink             |     2 |       |     1 ||     3
Evoke: Wand              |       |       |    12 ||    12
  Use: Scroll            |     2 |     3 |     3 ||     8
       Potion            |       |     5 |     4 ||     9
Armor: Robe              |    79 |    47 |    36 ||   162
Dodge: Dodged            |    82 |    67 |    43 ||   192

Table legend: (Time is in decaauts)
 A = Elapsed time spent in this place.
 B = Non-inter-level travel time spent in this place.
 C = Inter-level travel time spent in this place.
 D = Time resting spent in this place.
 E = Time spent auto-exploring this place.
 F = Levels seen in this place.
 G = Mean time per level.
                   A        B        C        D        E       F      G
               +--------+--------+--------+--------+--------+-----+--------+
         Total |   6233 |   6109 |    124 |   1564 |   3289 |   5 | 1246.6 |
       Dungeon |   6233 |   6109 |    124 |   1564 |   3289 |   5 | 1246.6 |
               +--------+--------+--------+--------+--------+-----+--------+

Top non-repeatable levels by time:
     D:3: 1716 daAuts
     D:1: 1221 daAuts
     D:5: 1127 daAuts
     D:2: 1104 daAuts
     D:4: 1064 daAuts
